 Dungeon Crawl Stone Soup version 0.29-a0-72-g1732ff48e7 (webtiles) character file.

Game seed: 18111862348072151766

2620 Zonian the Ducker (level 9, -3/55 HPs)
             Began as a Djinni Ice Elementalist on Feb 3, 2022.
             Was a Plaything of Xom.
             Slain by a wyvern (6 damage)
             ... on level 7 of the Dungeon.
             The game lasted 00:30:45 (13269 turns).

Zonian the Ducker (Djinni Ice Elementalist)        Turns: 13269, Time: 00:30:46

Health: -3/55      AC:  4    Str:  4 (7)  XL:     9   Next: 91%
Gold:   317        EV: 13    Int: 17 (20) God:    Xom [*.....] SH:  5 Dex:  8 (13)

rFire   + + .      SeeInvis .   p - +3 short sword (freeze)
rCold   x . .      Faith    .   (no shield)
rNeg    . . .      Spirit   .   a - +0 robe
rPois   ∞          Reflect  +   (no helmet)
rElec   .          Harm     .   n - +1 cloak
rCorr   .          Rampage  .   (no gloves)
Will    .....      Rage     1%  (boots unavailable)
Stlth   +++.......              u - amulet of reflection
HPRegen 0.18/turn               (no ring)
MPRegen 0.00/turn               (no ring)

@: flying, studying Spellcasting, unable to read
A: sickness immunity, fire resistance 2, cold vulnerability 1, float, innate
caster, HP casting, extra vitality 1, berserk 1, deterioration 2, dopey 1, frail
1, inability to read while threatened, MP-powered wands
a: Renounce Religion


You were on level 7 of the Dungeon.
You worshipped Xom.
You were a special plaything of Xom.
You visited 1 branch of the dungeon, and saw 7 of its levels.

You collected 317 gold pieces.

Inventory:

Hand Weapons
 d - a +0 hand axe of freezing
 j - a +0 short sword
 m - a +0 hand axe of flaming
 p - a +3 short sword of freezing (weapon)
 v - a +0 long sword of holy wrath
 x - a +0 hunting sling
 y - the +11 quarterstaff of Desperation {vamp, rPois Str-2 Int+2}
   (You found it on level 7 of the Dungeon)

   It occasionally heals its wielder for a portion of the damage dealt when it
   wounds a living foe.
   Str:       It affects your strength (-2).
   Int:       It affects your intelligence (+2).
   rPois:     It protects you from poison.
 z - a +0 hand crossbow
 E - a +0 dagger of venom
Missiles
 q - 4 boomerangs
 A - 16 bolts
 B - 8 poisoned darts
Armour
 a - a +0 robe (worn)
 n - a +1 cloak (worn)
Magical Staves
 o - a staff of cold
Jewellery
 f - a ring of fire
 u - an amulet of reflection (around neck)
Wands
 t - a wand of paralysis (10)
Scrolls
 c - 2 scrolls of magic mapping
 g - 4 scrolls of blinking
 h - a scroll of holy word
 i - 3 scrolls of teleportation
 k - 2 scrolls of fear
 D - a scroll of enchant weapon {unknown}
Potions
 e - 2 potions of mutation
 l - a potion of berserk rage
 r - a potion of lignification
 s - 3 potions of curing {unknown}
 w - a potion of attraction {unknown}
 C - a potion of might {unknown}
Miscellaneous
 b - a piece from Xom's chessboard (9/15)


   Skills:
 + Level 3.7 Fighting
 + Level 3.4 Short Blades
 + Level 7.5 Dodging
 + Level 6.2 Stealth
 + Level 7.3 Spellcasting


You had one spell level left.
You knew the following spells:

 Your Spells              Type           Power      Damage    Failure   Level
a - Freeze                Ice            100%       1d11      1%          1
b - Frozen Ramparts       Ice            62%        1d8       1%          3
c - Ozocubu's Armour      Ice            31%        N/A       1%          3
d - Hailstorm             Conj/Ice       31%        3d8       5%          4
e - Summon Small Mammal   Summ           100%       N/A       1%          1
f - Corpse Rot            Necr/Air       62%        N/A       1%          2
g - Ignite Poison         Fire/Tmut/Pois 31%        N/A       1%          3
h - Anguish               Hex/Necr       15%        N/A       5%          4
Your spell library was empty.

Dungeon Overview and Level Annotations

Branches:
Dungeon (7/15)             Temple (0/1) D:4

Altars:
Elyvilon
Kikubaaqudgha
Makhleb
Uskayaw
Vehumet
Xom
Yredelemnul
Zin

Annotations:
D:4 Eustachio


Innate Abilities, Weirdness & Mutations

You are immune to sickness and miasma.
You are immune to poison.
Your flesh is very heat resistant. (rF++)
You are vulnerable to cold. (rC-)
You float through the air rather than walking.
You learn spells naturally, not from books.
Your magical power is your life essence.
You have superior vitality. (+4 MHP)
You tend to lose your temper in combat.
Your body often deteriorates upon taking damage.
You are dopey. (Int -2)
You are frail. (-10% HP)
You sometimes lose the ability to read scrolls when taking damage.
You expend health (3 HP) to strengthen your wands.


Message History

Your body deteriorates!
You feel clumsy.
Unknown command.
You hit the wyvern. You freeze the wyvern.
The wyvern is almost dead.
The wyvern bites you!
You emit a cloud of colourful smoke!
You hit the wyvern but do no damage.
The wyvern is almost dead.
The wyvern completely misses you.
You barely miss the wyvern.
The wyvern is almost dead.
The wyvern bites you.
You feel threatened and lose the ability to read scrolls!
The gnoll shaman hits you with a +0 whip!
Your body deteriorates!
You feel clumsy. The wyvern misses you.
You hit the wyvern but do no damage.
The wyvern is almost dead. "Fight to survive, mortal."
The gnoll shaman closely misses you. You block the wyvern's attack.
Unknown command.
Casting: Frozen Ramparts (safe; 1% risk of failure)
Confirm with . or Enter, or press ? or * to list all spells.
Casting: Hailstorm (dangerous; 5% risk of failure)
Press: ? - help, Dir - look around, f - activate A cannonade of hail descends around you!
The hail pelts the necrophage!
The necrophage partially resists.
The necrophage is severely damaged.
The hail pelts the centaur skeleton!
The centaur skeleton partially resists.
The centaur skeleton is heavily damaged.
The hail pelts the centaur zombie!
The centaur zombie partially resists.
The centaur zombie is moderately damaged.
The wyvern bites you!
* * * LOW HITPOINT WARNING * * *
Your body deteriorates!
You feel clumsy.
The gnoll shaman hits you with a +0 whip.
* * * LOW HITPOINT WARNING * * *
Your body deteriorates!
You feel clumsy. The wyvern bites you.
You die...

..##'#####....##..##..##
.'......#....#........#
. #......#....'........#
..##'##.......##########
#.......####....#
#.......# #....#
#.......# #....#
#...ng§§## #....## ###
#####§@..# ##....# #..
#lZ..# #....# #.. #.Z..#
#....# #.. #....# #....#
#.. #....####....####..
######.....####....
#.....# #.... #.....#
#.... #....<# #...†


You could see a wyvern, a necrophage (summoned), a gnoll shaman, a centaur
zombie (summoned) and a centaur skeleton (summoned).

Vanquished Creatures
  A wyvern (D:7)
  Edmund (D:4)
  Menkaure (D:4)
  A water moccasin (D:6)
  An ice beast (D:7)
  3 black bears
  2 ogres
  A centaur (D:5)
  A phantom (D:6)
  2 kobold brigands
  Blork the orc (D:6)
  A bullfrog (D:6)
  3 scorpions
  A water moccasin zombie (D:6)
  A wyvern zombie (D:7)
  A wyvern skeleton (D:6)
  A killer bee (D:7)
  3 hounds
  2 jellies
  A bullfrog skeleton (D:6)
  A centaur skeleton (D:5)
  A gnoll shaman (D:7)
  Natasha (twice) (D:3)
  4 orc wizards
  A scorpion zombie (D:5)
  4 gnolls (D:5)
  9 adders
  An ufetubus (D:6)
  An adder skeleton (D:4)
  A dart slug (D:4)
  A worm (D:2)
  22 orcs
  13 ball pythons
  8 endoplasms
  4 giant cockroaches
  6 goblins
  9 hobgoblins
  5 jackals
  3 quokkas
  4 bats
  3 frilled lizards
  A jackal zombie (D:7)
  15 kobolds
  A kobold zombie (D:7)
  6 rats
155 creatures vanquished.

Vanquished Creatures (collateral kills)
  A scorpion (D:5)
  A gnoll shaman (D:5)
  A gnoll (D:5)
3 creatures vanquished.

Vanquished Creatures (others)
  A fungus (D:1)
  A plant (D:1)
2 creatures vanquished.

Grand Total: 160 creatures vanquished

Notes
Turn   | Place    | Note
-------+----------+-------------------------------------------
     0 | D:1      | Zonian the Djinni Ice Elementalist began the quest for the
                  | Orb.
     0 | D:1      | Reached XP level 1. HP: 15/15 MP: 0/0
   199 | D:1      | Reached XP level 2. HP: 18/21 MP: 0/0
  1200 | D:1      | Reached XP level 3. HP: 24/25 MP: 0/0
  1200 | D:1      | Learned a level 1 spell: Summon Small Mammal
  1813 | D:1      | Found a faded altar of an unknown god.
  1923 | D:1      | Prayed at the altar of an unknown god.
  1923 | D:1      | Became a worshipper of Xom the Fickle
  1939 | D:1      | XOM: silly message
  1975 | D:2      | XOM: potion effect (invisibility)
  2149 | D:2      | XOM: silly message
  2238 | D:2      | Reached XP level 4. HP: 15/31 MP: 0/0
  2402 | D:2      | XOM: silly message
  2581 | D:2      | XOM: smoke on damage
  2824 | D:2      | XOM: divination: magic mapping
  3111 | D:2      | XOM: silly message
  3142 | D:2      | XOM: divination: magic mapping
  3193 | D:2      | XOM: divination: detect items
  3323 | D:2      | XOM: divination: detect items
  3481 | D:3      | Reached XP level 5. HP: 26/35 MP: 0/0
  3481 | D:3      | Learned a level 2 spell: Corpse Rot
  3709 | D:3      | XOM: divination: detect creatures
  3931 | D:3      | Noticed Natasha
  3935 | D:3      | XOM: smoke on damage
  3936 | D:3      | Killed Natasha
  4044 | D:3      | XOM: god gift: piece from Xom's chessboard (15/15)
  4435 | D:3      | XOM: 1-stop teleportation journey
  4456 | D:3      | Reached XP level 6. HP: 39/40 MP: 0/0
  4516 | D:3      | Noticed Natasha
  4523 | D:3      | Killed Natasha
  4687 | D:3      | XOM: torment (21/40 hp)
  4984 | D:3      | Found a shimmering altar of Xom.
  5017 | D:3      | XOM: summons 4 hostile demons
  5019 | D:3      | XOM: summons 2 hostile demons
  5114 | D:4      | Noticed Menkaure
  5133 | D:4      | Killed Menkaure
  5205 | D:4      | Reached XP level 7. HP: 14/45 MP: 0/0
  5205 | D:4      | Learned a level 3 spell: Ignite Poison
  5483 | D:4      | XOM: summons 4 hostile shadow creatures
  5496 | D:4      | XOM: stat loss: -1 Int (18/19)
  5536 | D:4      | XOM: 1-stop teleportation journey
  5748 | D:4      | Identified a scroll of acquirement
  5748 | D:4      | Acquired a manual of Spellcasting
  5995 | D:4      | Noticed Eustachio
  6026 | D:4      | Reached skill level 5 in Dodging
  6119 | D:4      | Found a staircase to the Ecumenical Temple.
  6207 | D:4      | Noticed Edmund
  6289 | D:4      | Killed Edmund
  6290 | D:4      | Reached skill level 5 in Spellcasting
  6513 | D:4      | Reached XP level 8. HP: 39/50 MP: 0/0
  6535 | D:4      | XOM: summons 2 hostile demons
  7425 | D:4      | XOM is BORED!
  7425 | D:4      | XOM: give mutation
  7425 | D:4      | Gained mutation: You are agile. (Dex +2) [Xom's mischief]
  7433 | D:5      | Entered Level 5 of the Dungeon
  7481 | D:5      | Found a white marble altar of Elyvilon.
  7487 | D:5      | XOM: draining
  7670 | D:5      | XOM: 1-stop teleportation journey
  7695 | D:5      | Reached skill level 5 in Stealth
  7887 | D:5      | Found a burning altar of Makhleb.
  8082 | D:5      | Reached skill level 1 in Fighting
  8082 | D:5      | Reached skill level 1 in Short Blades
  8212 | D:5      | XOM: give mutation
  8212 | D:5      | Gained mutation: Your flesh is almost immune to the effects
                  | of heat. (rF+++) [Xom's mischief]
  8475 | D:5      | XOM: torment (27/52 hp)
  9048 | D:6      | Found a hide-covered altar of Uskayaw.
  9103 | D:6      | XOM: enchant monster (bad)
  9106 | D:6      | XOM: give mutations
  9106 | D:6      | Gained mutation: You sometimes lose the ability to read
                  | scrolls when taking damage. [Xom's mischief]
  9106 | D:6      | Gained mutation: Your body sometimes deteriorates upon
                  | taking damage. [Xom's mischief]
  9106 | D:6      | Gained mutation: You expend health (3 HP) to strengthen
                  | your wands. [Xom's mischief]
  9291 | D:6      | Reached XP level 9. HP: 30/58 MP: 0/0
  9291 | D:6      | Learned a level 4 spell: Anguish
  9322 | D:6      | XOM: silly message
  9558 | D:6      | Noticed Blork the orc
 10041 | D:6      | XOM: noise
 10093 | D:6      | XOM: give mutations
 10093 | D:6      | Lost mutation: You are agile. (Dex +2) [Xom's mischief]
 10093 | D:6      | Gained mutation: Your body often deteriorates upon taking
                  | damage. [Xom's mischief]
 10093 | D:6      | Lost mutation: Your flesh is almost immune to the effects
                  | of heat. (rF+++) [Xom's mischief]
 10199 | D:6      | XOM: swap monsters
 10333 | D:6      | XOM: give mutations
 10333 | D:6      | Gained mutation: You tend to lose your temper in combat.
                  | [Xom's mischief]
 10333 | D:6      | Gained mutation: You are frail. (-10% HP) [Xom's mischief]
 10333 | D:6      | Gained mutation: You are dopey. (Int -2) [Xom's mischief]
 10355 | D:6      | Killed Blork the orc
 10553 | D:6      | XOM: blink monster(s)
 10669 | D:6      | XOM: summons 5 hostile demons
 10671 | D:6      | XOM: smoke on damage
 10927 | D:7      | XOM: chaos upgrade
 11885 | D:7      | Found a basalt altar of Yredelemnul.
 11907 | D:7      | Identified the +11 quarterstaff of Desperation {vamp, rPois
                  | Str-2 Int+2}
 11926 | D:7      | XOM: summons 5 hostile demons
 12792 | D:7      | Found a glowing silver altar of Zin.
 12845 | D:7      | Found the +3 salamander hide armour {Flames rF++ rC--}
 13265 | D:7      | XOM: smoke on damage
 13268 | D:7      | XOM: summons 3 hostile shadow creatures
 13269 | D:7      | Slain by a wyvern

Illustrated notes

Levels and vault maps discovered:
D:1:      scummos_arrival_gate, layout_basic,
          shapermc_ecumenical_altar_mp_urbaneastern, minmay_misc_feat_encased
D:2:      layout_loops_ring
D:3:      layout_basic, xom_butterflies, mainiacjoe_overflow_small_starburst,
          minmay_checkerbox, uniq_natasha
D:4:      layout_gridville, minmay_temple_entry_slanted, uniq_edmund,
          uniq_menkaure, uniq_eustachio
D:5:      layout_basic, lightli_temple_of_fire, nicolae_overflow_hidden_temple
D:6:      layout_basic, mainiacjoe_overflow_catch_the_wave, uniq_blork_the_orc
D:7:      layout_gridville, nicolae_overflow_crystal_walls,
          yredelemnul_altar_generic, enter_ossuary_3, minmay_misc_feat_rugged,
          nicolae_water_bricks, grunt_tough_drop

Skill      XL: |  1  2  3  4  5  6  7  8  9 |
---------------+----------------------------+-----
Stealth        | 2 3 4 5 6 |  6.2
Dodging        | 3 4 5 6 7 |  7.5
Spellcasting   | 4 5 6 7 |  7.3
Fighting       | 2 3 |  3.7
Short Blades   | 1 3 |  3.4

Action                   |  1- 3 |  4- 6 |  7- 9 || total
-------------------------+-------+-------+-------++-------
Melee: Unarmed           |     4 |       |       ||     4
       Short sword       |    36 |    33 |   267 ||   336
       Staff             |       |    11 |    18 ||    29
       Punch             |       |       |     1 ||     1
 Cast: Freeze            |    45 |    77 |    55 ||   177
       Corpse Rot        |       |     2 |     1 ||     3
       Ozocubu's Armour  |       |     2 |    10 ||    12
       Frozen Ramparts   |       |     1 |    23 ||    24
       Hailstorm         |       |       |     4 ||     4
       Summon Small Mamm |       |       |     1 ||     1
Evoke: Piece from Xom's  |       |     2 |    10 ||    12
       Wand              |       |       |     2 ||     2
  Use: Scroll            |       |     8 |    13 ||    21
       Potion            |       |     1 |       ||     1
 Stab: Invisible         |     2 |       |       ||     2
       Sleeping          |       |     1 |    12 ||    13
       Petrified         |       |       |     1 ||     1
       Paralysed         |       |       |     2 ||     2
       Distracted        |       |       |     1 ||     1
Armor: Robe              |     5 |    21 |   115 ||   141
Dodge: Dodged            |    46 |    94 |   260 ||   400
Block: Other             |       |       |    44 ||    44
       Reflection        |       |       |     1 ||     1

Table legend: (Time is in decaauts)
 A = Elapsed time spent in this place.
 B = Non-inter-level travel time spent in this place.
 C = Inter-level travel time spent in this place.
 D = Time resting spent in this place.
 E = Time spent auto-exploring this place.
 F = Levels seen in this place.
 G = Mean time per level.
                   A        B        C        D        E       F      G
               +--------+--------+--------+--------+--------+-----+--------+
         Total |  13292 |  12982 |    310 |   5656 |   5354 |   7 | 1898.9 |
       Dungeon |  13292 |  12982 |    310 |   5656 |   5354 |   7 | 1898.9 |
               +--------+--------+--------+--------+--------+-----+--------+

Top non-repeatable levels by time:
     D:6: 2702 daAuts
     D:4: 2315 daAuts
     D:1: 1956 daAuts
     D:7: 1720 daAuts
     D:3: 1658 daAuts
     D:2: 1519 daAuts
     D:5: 1419 daAuts
